 Dungeon Crawl Stone Soup version 0.23.2-11-gf996548c65 (webtiles) character file.

Game seed: 16677589041001401141

297 MalarOregon the Ruffian (level 6, -3/53 HPs)
             Began as a Ghoul Monk on June 6, 2019.
             Slain by an ogre
             ... wielding a +0 giant club
              (15 damage)
             ... on level 4 of the Dungeon.
             The game lasted 00:04:39 (2850 turns).

MalarOregon the Ruffian (Ghoul Monk)                Turns: 2850, Time: 00:04:39

Health: -3/53      AC: 10    Str: 15    XL:     6   Next: 35%
Magic:  5/5        EV:  4    Int:  7    God:
Gold:   181        SH:  4    Dex: 11    Spells: 5/5 levels left

rFire    . . .     SeeInvis .     - Unarmed
rCold    + . .     Gourm    .   f - +0 buckler
rNeg     + + +     Faith    +   b - +0 plate armour
rPois    ∞         Spirit   .   (no helmet)
rElec    .         Reflect  .   (no cloak)
rCorr    .         Harm     .   (no gloves)
MR       .....                  (no boots)
Stlth    ..........             m - amulet of faith {!P}
HPRegen  0.00/turn              (no ring)
MPRegen  0.09/turn              (no ring)

@: rotting
A: rotting body, claws 1, carnivore, cold resistance 1, negative energy
resistance 3, inhibited regeneration, torment resistance, unbreathing
a: no special abilities


You were on level 4 of the Dungeon.
You were not hungry.

You visited 1 branch of the dungeon, and saw 4 of its levels.

You collected 181 gold pieces.

Inventory:

Armour
 a - a +0 robe
 b - a +0 plate armour (worn)
   (You found it on level 4 of the Dungeon)
 f - a +0 buckler (worn)
   (You found it on level 2 of the Dungeon)
 t - a +0 pair of boots
   (You found it on level 4 of the Dungeon)
Jewellery
 m - an amulet of faith (around neck) {!P}
   (You found it on level 3 of the Dungeon)
 r - a cursed amulet of inaccuracy {unknown}
   (You found it on level 4 of the Dungeon)
 s - an uncursed ring of stealth {unknown}
   (You found it on level 4 of the Dungeon)
Wands
 p - a wand of enslavement (6)
   (You found it on level 4 of the Dungeon)
Scrolls
 c - 2 scrolls of magic mapping {unknown}
 g - 2 scrolls of teleportation {unknown}
 i - 2 scrolls of blinking {unknown}
 j - 3 scrolls of remove curse {unknown}
 k - 4 scrolls of amnesia {unknown}
 l - a scroll of identify {unknown}
Potions
 d - a potion of agility {unknown}
 h - a potion of degeneration {unknown}
 n - 3 potions of curing {unknown}
 o - a potion of might {unknown}
 u - a potion of ambrosia {unknown}
Comestibles
 e - 8 rations {!d}
 q - 8 chunks of flesh


   Skills:
 + Level 4.4 Fighting
 + Level 0.9 Armour
 - Level 3.0 Dodging
 + Level 3.8 Stealth
 + Level 1.6 Shields
 * Level 5.3 Unarmed Combat


You had 5 spell levels left.
You didn't know any spells.
Your spell library was empty.

Dungeon Overview and Level Annotations

Branches:
Dungeon (4/15)
 Temple: D:4-7

Altars:

Annotations:
D:3 1 runed translucent door, Crazy Yiuf


Innate Abilities, Weirdness & Mutations

Your body is rotting away.
You thrive on raw meat.
You are immune to poison.
You have sharp fingernails.
You are carnivorous and can eat meat at any time.
Your flesh is cold resistant. (rC+)
You are immune to negative energy. (rN+++)
You do not regenerate when monsters are visible.
You are immune to unholy pain and torment.
You can survive without breathing.


Message History

Your plate armour prevents you from hitting the giant cockroach.
The giant cockroach barely misses you.
You closely miss the giant cockroach. The giant cockroach barely misses you.
You claw the giant cockroach!
You kill the giant cockroach!
No target in view!
You butcher the hound corpse.
q - 10 chunks of flesh (gained 1)
You see here a hound skeleton. x2
You now have 181 gold pieces (gained 9).
An orc and an orc priest come into view.
The orc priest shouts!
The orc shouts!
You hear a shout! x2
There are monsters nearby!
There are monsters nearby!
An ogre comes into view. It is wielding a +0 giant club.
The ogre shouts!
The orc priest looks encouraged for a moment.
Found a metallic golden potion.
An orc wizard comes into view. It is wielding a -3 dagger.
The orc wizard shouts!
You block the orc's attack.
Your plate armour prevents you from hitting the orc priest.
The orc priest hits you with a +0 flail.
The orc wizard hits you but does no damage.
You block the orc's attack.
Found a stone staircase leading down.
The orc priest miscasts a cantrip.
The ogre barely misses you.
The orc wizard mumbles some strange words.
The orc wizard blinks!
You completely miss the ogre. The ogre hits you with a +0 giant club!
You claw the ogre! You scratch the ogre. The ogre barely misses you.
You claw the ogre!
The orc wizard mumbles some strange words.
The orc wizard blinks!
You block the ogre's attack.
You scratch the ogre.
Your plate armour prevents you from hitting the ogre.
The ogre hits you with a +0 giant club!!
* * * LOW HITPOINT WARNING * * *
Eat one of 10 chunks of flesh? (ye/n/q)
You eat one of the 10 chunks of flesh.
This raw flesh tastes great!
The ogre hits you with a +0 giant club!!
* * * LOW HITPOINT WARNING * * *
The orc wizard gestures wildly while chanting.
The orc wizard blinks!
Eat one of 9 chunks of flesh? (ye/n/q)
You eat one of the 9 chunks of flesh.
This raw flesh tastes great!
The ogre hits you with a +0 giant club!
You die...

#.##### .#.#
################......
....
...........[......>... ..#
.............##......#...#
. ........####.
#..#.#.#..##.. #######..#
#.........!... ##.#
#.#.#.##.# #.# #.#..o...#
#.# .# #@#.#.#### #.## .#
#O#o..####.## #..# .#
#o#.o........ ##.##.#
#o#..#####.#. #..#.#
#.§..#####
##.#.#####.#....#
#.#.......##.#.#
#..#####..##.#.#
##.#####..##.#.#


You could see an ogre, an orc priest and an orc.

Vanquished Creatures
  A crimson imp (D:3)
  2 hounds (D:4)
  2 orc wizards (D:4)
  A gnoll (D:3)
  An adder (D:4)
  5 oozes
  3 worms
  A dart slug (D:4)
  3 leopard geckos
  7 orcs (D:4)
  3 ball pythons
  4 giant cockroaches
  10 goblins
  13 hobgoblins
  2 quokkas
  14 bats
  3 frilled lizards
  A jackal skeleton (D:4)
  7 kobolds
  14 rats
97 creatures vanquished.

Notes
Turn   | Place    | Note
-------+----------+-------------------------------------------
     0 | D:1      | MalarOregon the Ghoul Monk began the quest for the Orb.
     0 | D:1      | Reached XP level 1. HP: 19/19 MP: 0/0
   109 | D:1      | Reached XP level 2. HP: 14/26 MP: 1/1
   359 | D:1      | Reached XP level 3. HP: 27/31 MP: 2/2
   534 | D:1      | Reached skill level 4 in Unarmed Combat
  1041 | D:2      | Reached XP level 4. HP: 36/40 MP: 3/3
  1922 | D:3      | Reached XP level 5. HP: 36/46 MP: 4/4
  2022 | D:3      | Reached skill level 1 in Shields
  2073 | D:3      | Found a runed translucent door.
  2074 | D:3      | Noticed Crazy Yiuf
  2560 | D:4      | Reached skill level 5 in Unarmed Combat
  2598 | D:4      | Reached XP level 6. HP: 46/52 MP: 5/5
  2850 | D:4      | Slain by an ogre

Skill      XL: |  1  2  3  4  5 |
---------------+----------------+-----
Dodging        | 3 |  3.0
Unarmed Combat | 4 5 |  5.3
Stealth        | 3 |  3.8
Fighting       | 4 |  4.4
Shields        | 1 |  1.6
Armour         | |  0.9

Action                   |  1- 3 |  4- 6 || total
-------------------------+-------+-------++-------
Melee: Unarmed           |   158 |   209 ||   367
 Stab: Sleeping          |    10 |     8 ||    18
  Eat: Chunk             |     8 |    14 ||    22
       Ration            |       |     1 ||     1
Armor: Robe              |    23 |    13 ||    36
       Plate armour      |       |    33 ||    33
Dodge: Dodged            |   115 |    79 ||   194
Block: Buckler           |     8 |    31 ||    39
